[Event "IIFL Wealth 4th Mumbai GM"]
[Site "Mumbai"]
[Date "2019.01.05"]
[Round "7"]
[White "Mahalakshmi, M."]
[Black "Nayem, Haque"]
[Result "1-0"]
[ECO "A48"]
[WhiteElo "2219"]
[BlackElo "2083"]
[Annotator "NA"]
[PlyCount "77"]
[EventDate "2018.12.30"]
[EventType "swiss"]
[EventCountry "IND"]
[SourceTitle "playchess.com"]
[Source "ChessBase"]
[SourceQuality "1"]
[TimeControl "40/5400+30:1800+30"]

1. d4 Nf6 2. Nf3 g6 3. Bg5 Bg7 4. Nbd2 d5 5. e3 O-O 6. Bd3 c6 7. c4 Qb6 8. Qc2 Be6 9. O-O Nbd7 10. Rac1 Qd8 11. Qb3 dxc4 12. Bxc4 Bxc4 13. Nxc4 Qc8 14. Rfd1 h6 15. Bh4 g5 16. Bg3 Ne4 17. Be5 g4 18. Bxg7 Kxg7 19. Nfd2 Ndf6 20. Nxe4 Nxe4 21. Ne5 Nd6 22. Nd3 e6 23. Nf4 Qd8 24. Qd3 Kg8 25. Rc5 Qe7 26. Qe2 f5 27. Ng6 Qf6 28. Nxf8 Rxf8 29. f3 h5 30. Rf1 Rf7 31. b3 Rg7 32. Qe1 h4 33. fxg4 Rxg4 34. Qe2 Qg6 35. Rf4 Rg5 36. Rxh4 Ne4 37. Rc1 Kf7 38. b4 a6 39. a4 1-0

[Event "IIFL Wealth 4th Mumbai GM"]
[Site "Mumbai"]
[Date "2019.01.05"]
[Round "7"]
[White "Mehdi Hasan Parag"]
[Black "Vatsal Singhania"]
[Result "0-1"]
[ECO "C55"]
[WhiteElo "2218"]
[BlackElo "2130"]
[Annotator "NA"]
[PlyCount "174"]
[EventDate "2018.12.30"]
[EventType "swiss"]
[EventCountry "IND"]
[SourceTitle "playchess.com"]
[Source "ChessBase"]
[SourceQuality "1"]
[TimeControl "40/5400+30:1800+30"]

1. e4 e5 2. Nf3 Nc6 3. Bc4 Nf6 4. d3 Be7 5. O-O O-O 6. Re1 d6 7. a4 Na5 8. Ba2 c5 9. c3 Nc6 10. Na3 Be6 11. Bxe6 fxe6 12. Nc4 h6 13. Bd2 Nd7 14. Rb1 Qc7 15. b4 cxb4 16. cxb4 d5 17. exd5 exd5 18. Ne3 Qd6 19. b5 Nd4 20. Nxd4 exd4 21. Nf1 Qf6 22. Re2 Rae8 23. f3 Bd6 24. Bb4 Bxb4 25. Rxb4 Ne5 26. Ng3 Qg6 27. a5 Qd6 28. Qd2 h5 29. Rxd4 Qc5 30. Qb4 Qc1+ 31. Kf2 Ng4+ 32. Rxg4 hxg4 33. Qxg4 Qc5+ 34. d4 Rxe2+ 35. Nxe2 Qd6 36. h4 Re8 37. Qg5 Qe6 38. Qd2 Rc8 39. Nf4 Qf5 40. Qe3 Qf7 41. Qe5 Rd8 42. Kg3 Qf6 43. Qe3 Qd6 44. Kh3 Qd7+ 45. g4 Re8 46. Qb3 Qf7 47. Kg3 Rf8 48. Qe3 Re8 49. Qd2 Qd7 50. Qd3 Qe7 51. Qc3 Qe1+ 52. Qxe1 Rxe1 53. Nxd5 Kf7 54. Kf4 Ra1 55. b6 a6 56. Ke5 Rxa5 57. h5 Rb5 58. g5 a5 59. g6+ Kf8 60. Ke4 a4 61. Nc3 a3 62. Nxb5 a2 63. Nc7 a1=Q 64. Ne6+ Kg8 65. f4 Qb1+ 66. Ke5 Qxb6 67. f5 Qa5+ 68. d5 Qc3+ 69. Ke4 b5 70. d6 b4 71. h6 gxh6 72. Kd5 Qf3+ 73. Ke5 Qg3+ 74. Kd5 Qg4 75. Ke5 Qg3+ 76. Kd5 Qg2+ 77. Ke5 Qh2+ 78. Kd5 Qg2+ 79. Ke5 Qe2+ 80. Kd5 Qb5+ 81. Ke4 b3 82. f6 Qe2+ 83. Kf5 Qh5+ 84. Kf4 Qxg6 85. Ke5 Kf7 86. Nd8+ Ke8 87. f7+ Kf8 0-1

[Event "IIFL Wealth 4th Mumbai GM"]
[Site "Mumbai"]
[Date "2019.01.05"]
[Round "7"]
[White "Aaryan Varshney"]
[Black "abzid, Rahman"]
[Result "1-0"]
[ECO "D63"]
[WhiteElo "2200"]
[BlackElo "2040"]
[Annotator "NA"]
[PlyCount "59"]
[EventDate "2018.12.30"]
[EventType "swiss"]
[EventCountry "IND"]
[SourceTitle "playchess.com"]
[Source "ChessBase"]
[SourceQuality "1"]
[TimeControl "40/5400+30:1800+30"]

1. d4 d5 2. c4 e6 3. Nc3 Nf6 4. Bg5 Be7 5. e3 O-O 6. Nf3 Nbd7 7. Rc1 a6 8. cxd5 exd5 9. Bd3 c6 10. Qc2 Re8 11. O-O Nf8 12. a3 h6 13. Bf4 Nh5 14. Be5 g5 15. h3 Ng7 16. e4 dxe4 17. Nxe4 h5 18. d5 Qxd5 19. Bc4 Qa5 20. b4 Qxa3 21. Ra1 Qxb4 22. Rfb1 Qxb1+ 23. Rxb1 g4 24. hxg4 hxg4 25. Nh2 b5 26. Be2 Bf5 27. Nxg4 Bg5 28. Nxg5 Re6 29. Bd3 Bxg4 30. Bh7+ 1-0

[Event "IIFL Wealth 4th Mumbai GM"]
[Site "Mumbai"]
[Date "2019.01.05"]
[Round "7"]
[White "Banerjee, Sushant"]
[Black "Shah, Ram Surat Prasad"]
[Result "1-0"]
[ECO "C21"]
[WhiteElo "2198"]
[BlackElo "1639"]
[Annotator "NA"]
[PlyCount "53"]
[EventDate "2018.12.30"]
[EventType "swiss"]
[EventCountry "IND"]
[SourceTitle "playchess.com"]
[Source "ChessBase"]
[SourceQuality "1"]
[TimeControl "40/5400+30:1800+30"]

1. e4 e5 2. d4 exd4 3. c3 d6 4. cxd4 Nf6 5. Nc3 Be7 6. Nf3 O-O 7. Bc4 Be6 8. Bxe6 fxe6 9. Qb3 d5 10. e5 Ne8 11. Qxb7 Nd7 12. Qc6 Nb6 13. Qxe6+ Kh8 14. h4 Bb4 15. Bg5 Qd7 16. Qxd7 Nxd7 17. O-O c5 18. Nxd5 Ba5 19. Be7 Rf5 20. Bxc5 Nxc5 21. dxc5 Nc7 22. Nxc7 Bxc7 23. Rfe1 Kg8 24. Rad1 Rc8 25. b4 Kf8 26. Rd7 h6 27. Rxc7 1-0

[Event "IIFL Wealth 4th Mumbai GM"]
[Site "Mumbai"]
[Date "2019.01.05"]
[Round "7"]
[White "Senthil Maran K"]
[Black "Anuj Shrivatri"]
[Result "1-0"]
[ECO "A05"]
[WhiteElo "2197"]
[BlackElo "2357"]
[Annotator "NA"]
[PlyCount "85"]
[EventDate "2018.12.30"]
[EventType "swiss"]
[EventCountry "IND"]
[SourceTitle "playchess.com"]
[Source "ChessBase"]
[SourceQuality "1"]
[TimeControl "40/5400+30:1800+30"]

1. Nf3 Nf6 2. g3 b6 3. Bg2 Bb7 4. d4 g6 5. O-O Bg7 6. c4 O-O 7. Nc3 Ne4 8. Nxe4 Bxe4 9. Be3 d6 10. Qd2 Nd7 11. Bh6 Nf6 12. Bxg7 Kxg7 13. Bh3 Bxf3 14. exf3 e6 15. Rac1 c6 16. Rfe1 Rc8 17. Bf1 Qd7 18. b4 Rfd8 19. Qb2 Qb7 20. f4 Rc7 21. d5 exd5 22. g4 d4 23. Qxd4 c5 24. bxc5 dxc5 25. Qxd8 Rd7 26. Bg2 Qxg2+ 27. Kxg2 Rxd8 28. Rcd1 Rxd1 29. Rxd1 Nxg4 30. Rd7 Nf6 31. Rxa7 Ne4 32. Rb7 Nd6 33. Rxb6 Nxc4 34. Rc6 Na3 35. Rxc5 Kf6 36. Kf3 Ke6 37. Ke4 Kd6 38. Kd4 f5 39. h4 h6 40. Ra5 Nc2+ 41. Kc4 Ne1 42. Ra6+ Ke7 43. Rxg6 1-0

[Event "IIFL Wealth 4th Mumbai GM"]
[Site "Mumbai"]
[Date "2019.01.05"]
[Round "7"]
[White "Phadke Sohan"]
[Black "Siva Mahadevan"]
[Result "1-0"]
[ECO "A45"]
[WhiteElo "2191"]
[BlackElo "2333"]
[Annotator "NA"]
[PlyCount "93"]
[EventDate "2018.12.30"]
[EventType "swiss"]
[EventCountry "IND"]
[SourceTitle "playchess.com"]
[Source "ChessBase"]
[SourceQuality "1"]
[TimeControl "40/5400+30:1800+30"]

1. d4 Nf6 2. Bg5 Ne4 3. Bf4 c5 4. f3 Qa5+ 5. c3 Nf6 6. d5 Qb6 7. Bc1 e6 8. e4 exd5 9. exd5 Bd6 10. Na3 O-O 11. Nc4 Re8+ 12. Kf2 Qc7 13. Nxd6 Qxd6 14. c4 Nc6 15. Ne2 b5 16. Nc3 Nd4 17. Nxb5 Nxb5 18. cxb5 Bb7 19. Bc4 Nxd5 20. Qd3 Qe5 21. Bxd5 Bxd5 22. Rd1 Be6 23. Qd6 Qf6 24. Qf4 Qg6 25. Rd6 Rab8 26. a4 Qc2+ 27. Rd2 Qb3 28. Ra3 Qb4 29. Rc2 Bf5 30. Rcc3 Bd3 31. Rab3 Qa5 32. Bd2 Bg6 33. Rxc5 Qb6 34. Be3 Qe6 35. Rbc3 d6 36. R5c4 Rb7 37. h4 Rd7 38. h5 Bf5 39. g4 Bb1 40. Rc1 Bd3 41. R4c3 Qa2 42. Rxd3 Qxb2+ 43. Kg3 Rde7 44. Bd4 Qa2 45. Re3 f6 46. Rxe7 Rxe7 47. Qxd6 1-0

[Event "IIFL Wealth 4th Mumbai GM"]
[Site "Mumbai"]
[Date "2019.01.05"]
[Round "7"]
[White "Patil, Pratik"]
[Black "Kathmale, Sameer"]
[Result "1-0"]
[ECO "B15"]
[WhiteElo "2178"]
[BlackElo "2312"]
[Annotator "NA"]
[PlyCount "123"]
[EventDate "2018.12.30"]
[EventType "swiss"]
[EventCountry "IND"]
[SourceTitle "playchess.com"]
[Source "ChessBase"]
[SourceQuality "1"]
[TimeControl "40/5400+30:1800+30"]

1. e4 c6 2. d4 d5 3. Nd2 dxe4 4. Nxe4 Nf6 5. Nxf6+ exf6 6. c3 Bd6 7. Bd3 O-O 8. Qc2 Re8+ 9. Be3 h5 10. Ne2 Nd7 11. O-O-O Nf8 12. Kb1 Be6 13. h3 b5 14. g4 h4 15. Be4 Bd5 16. Bd3 Be6 17. Be4 Bd5 18. Bxd5 cxd5 19. Qb3 b4 20. Qxd5 bxc3 21. Nxc3 Rb8 22. Rd2 Qb6 23. Rc2 Ba3 24. Na4 Qa6 25. Nc5 Qa5 26. Qc4 Rec8 27. Qd3 Ne6 28. Nb3 Rxc2 29. Qxc2 Qd5 30. Rc1 Bd6 31. Qc6 Rb5 32. Qxd5 Rxd5 33. Rc6 a5 34. Nxa5 Bf4 35. Nc4 Bxe3 36. fxe3 Ng5 37. Rd6 Rxd6 38. Nxd6 Nxh3 39. Nf5 Nf2 40. Nxh4 Nxg4 41. Ng2 Kf8 42. Kc2 f5 43. Kd3 g5 44. a4 Ke7 45. b4 Nf2+ 46. Kc4 Kd6 47. a5 Kc7 48. Kd5 Kb7 49. Ke5 f4 50. exf4 Nd3+ 51. Ke4 Nxb4 52. fxg5 Nc6 53. d5 Nxa5 54. Ke5 Nc4+ 55. Kf6 Nd6 56. Ke7 Ne4 57. d6 Nxg5 58. d7 Ne6 59. Nf4 Nd4 60. Ke8 Nc6 61. Nd5 f5 62. Ne7 1-0

[Event "IIFL Wealth 4th Mumbai GM"]
[Site "Mumbai"]
[Date "2019.01.05"]
[Round "7"]
[White "Thrish Karthik"]
[Black "Wagh Suyog"]
[Result "1/2-1/2"]
[ECO "C77"]
[WhiteElo "2168"]
[BlackElo "2240"]
[Annotator "NA"]
[PlyCount "85"]
[EventDate "2018.12.30"]
[EventType "swiss"]
[EventCountry "IND"]
[SourceTitle "playchess.com"]
[Source "ChessBase"]
[SourceQuality "1"]
[TimeControl "40/5400+30:1800+30"]

1. e4 e5 2. Nf3 Nc6 3. Bb5 a6 4. Ba4 Nf6 5. d3 d6 6. h3 b5 7. Bb3 Na5 8. Nc3 Be7 9. O-O O-O 10. Bg5 c6 11. Ne2 Re8 12. Ng3 h6 13. Bd2 Nxb3 14. axb3 Bf8 15. Re1 g6 16. d4 Bb7 17. Qc1 Kh7 18. dxe5 dxe5 19. Bc3 Nd7 20. Rd1 Qc7 21. Rxd7 Qxd7 22. Nxe5 Qd6 23. Ng4 Re6 24. e5 Qe7 25. Ne4 Bg7 26. Nef6+ Kh8 27. Nxh6 Qf8 28. Nhg4 Bxf6 29. Nxf6 Kg7 30. Qg5 c5 31. Nh5+ Kg8 32. Nf4 Be4 33. Nxe6 fxe6 34. Rd1 b4 35. Qh4 Qf5 36. Rd7 g5 37. Qh6 Qg6 38. Qxg6+ Bxg6 39. Bd2 Bxc2 40. Rc7 Bxb3 41. Rxc5 a5 42. Rb5 Bc4 43. Rb6 1/2-1/2

[Event "IIFL Wealth 4th Mumbai GM"]
[Site "Mumbai"]
[Date "2019.01.05"]
[Round "7"]
[White "Deshpande, Aniruddha"]
[Black "Arya Nirag Shah"]
[Result "1-0"]
[ECO "A50"]
[WhiteElo "2167"]
[BlackElo "1812"]
[Annotator "NA"]
[PlyCount "51"]
[EventDate "2018.12.30"]
[EventType "swiss"]
[EventCountry "IND"]
[SourceTitle "playchess.com"]
[Source "ChessBase"]
[SourceQuality "1"]
[TimeControl "40/5400+30:1800+30"]

1. d4 Nf6 2. c4 Nc6 3. Nf3 e6 4. g3 d5 5. Bg2 dxc4 6. O-O Rb8 7. e3 b5 8. Qe2 Bd7 9. e4 Be7 10. Bf4 O-O 11. Rd1 Nb4 12. Ne5 Qc8 13. b3 cxb3 14. axb3 a6 15. Rc1 Ne8 16. Nc3 Bd6 17. Na2 Nxa2 18. Qxa2 f6 19. Nxd7 Qxd7 20. e5 fxe5 21. dxe5 Bb4 22. Qxa6 c5 23. Rd1 Qc7 24. Qxe6+ Kh8 25. Rd7 Qc8 26. Qe7 1-0

[Event "IIFL Wealth 4th Mumbai GM"]
[Site "Mumbai"]
[Date "2019.01.05"]
[Round "7"]
[White "Nikhil Magizhnan"]
[Black "Konguvel, Ponnuswamy"]
[Result "0-1"]
[ECO "B30"]
[WhiteElo "2148"]
[BlackElo "2282"]
[Annotator "NA"]
[PlyCount "96"]
[EventDate "2018.12.30"]
[EventType "swiss"]
[EventCountry "IND"]
[SourceTitle "playchess.com"]
[Source "ChessBase"]
[SourceQuality "1"]
[TimeControl "40/5400+30:1800+30"]

1. e4 c5 2. Nf3 Nc6 3. c3 d5 4. exd5 Qxd5 5. d4 Bf5 6. Be3 Nf6 7. Na3 cxd4 8. Nb5 O-O-O 9. Nfxd4 Nxd4 10. cxd4 e5 11. Qc1+ Kd7 12. Qc7+ Ke8 13. Bc4 Bb4+ 14. Nc3 Ba5 15. Qxe5+ Qxe5 16. dxe5 Ne4 17. O-O Nxc3 18. bxc3 Rc8 19. Bb5+ Ke7 20. Bg5+ f6 21. exf6+ gxf6 22. Be3 Bxc3 23. Rad1 a6 24. Bd3 Bxd3 25. Rxd3 Rhd8 26. Rfd1 Rxd3 27. Rxd3 b5 28. Kf1 a5 29. Rd5 Rb8 30. Ke2 Ke6 31. Rh5 Rb7 32. g4 a4 33. Kd3 b4 34. Ra5 b3 35. Ra6+ Kd5 36. axb3 axb3 37. Rb6 Rxb6 38. Bxb6 Be5 39. f3 Kc6 40. Be3 Kb5 41. f4 Ba1 42. Kd2 Kc4 43. Kc1 Kd3 44. Bc5 Ke4 45. f5 Kf4 46. h3 Kg3 47. g5 fxg5 48. Ba3 Kf4 0-1

[Event "IIFL Wealth 4th Mumbai GM"]
[Site "Mumbai"]
[Date "2019.01.05"]
[Round "7"]
[White "Vantika Agrawal"]
[Black "Srihari L R"]
[Result "1/2-1/2"]
[ECO "D09"]
[WhiteElo "2143"]
[BlackElo "2316"]
[Annotator "NA"]
[PlyCount "78"]
[EventDate "2018.12.30"]
[EventType "swiss"]
[EventCountry "IND"]
[SourceTitle "playchess.com"]
[Source "ChessBase"]
[SourceQuality "1"]
[TimeControl "40/5400+30:1800+30"]

1. d4 d5 2. c4 e5 3. dxe5 d4 4. Nf3 Nc6 5. g3 Nge7 6. Bg2 Ng6 7. O-O Bg4 8. Qb3 Rb8 9. Rd1 Be7 10. Be3 Bxf3 11. exf3 Ngxe5 12. f4 Ng4 13. Bd2 O-O 14. Na3 Bc5 15. Qf3 Nf6 16. Be1 Qd7 17. Nc2 a5 18. a3 a4 19. Nb4 Na5 20. Nd3 Nb3 21. Nxc5 Nxc5 22. Bb4 Qd6 23. Rd2 Rfd8 24. Rad1 Nfe4 25. Qxe4 Nxe4 26. Bxd6 Nxd2 27. Bxc7 Nb3 28. Bxd8 Rxd8 29. Bxb7 Nc5 30. Bc6 d3 31. Kg2 Rd6 32. Bd5 Rb6 33. Rd2 Rb8 34. Bc6 Rb6 35. Bd5 Rb8 36. Bc6 Rb6 37. Bd5 Rb8 38. Bc6 Rb6 39. Bd5 Rb8 1/2-1/2

[Event "IIFL Wealth 4th Mumbai GM"]
[Site "Mumbai"]
[Date "2019.01.05"]
[Round "7"]
[White "Rakshitta Ravi"]
[Black "Mohota, Nisha"]
[Result "1/2-1/2"]
[ECO "A06"]
[WhiteElo "2141"]
[BlackElo "2264"]
[Annotator "NA"]
[PlyCount "150"]
[EventDate "2018.12.30"]
[EventType "swiss"]
[EventCountry "IND"]
[SourceTitle "playchess.com"]
[Source "ChessBase"]
[SourceQuality "1"]
[TimeControl "40/5400+30:1800+30"]

1. Nf3 d5 2. g3 c6 3. Bg2 Bf5 4. O-O Nf6 5. d3 h6 6. Qe1 e6 7. Nc3 Be7 8. Nd2 Bh7 9. e4 O-O 10. h3 a5 11. f4 Na6 12. g4 Nb4 13. Qd1 dxe4 14. dxe4 Nd7 15. a3 Na6 16. Qe2 Nac5 17. Kh1 f5 18. gxf5 exf5 19. e5 Kh8 20. Nb3 Nxb3 21. cxb3 Nc5 22. Be3 Bg8 23. b4 axb4 24. axb4 Rxa1 25. Rd1 Rb1 26. Rxb1 Ne6 27. Rd1 Qe8 28. b5 g5 29. fxg5 hxg5 30. bxc6 bxc6 31. Qf3 Qf7 32. Rd7 Rc8 33. Na4 f4 34. Bf2 c5 35. Qb7 Re8 36. Nxc5 f3 37. Bxf3 Nf8 38. e6 Nxe6 39. Qe4 Nxc5 40. Bd4+ Bf6 41. Qxe8 Nxd7 42. Qxf7 Bxf7 43. Bxf6+ Nxf6 44. b4 Kg7 45. Kh2 Be8 46. Kg3 Bd7 47. b5 Bxb5 48. h4 Kg6 49. hxg5 Kxg5 50. Kh2 Kf4 51. Bb7 Ng4+ 52. Kh1 Kg3 53. Kg1 Nf2 54. Ba8 Ba6 55. Bc6 Nh3+ 56. Kh1 Kf2 57. Ba8 Nf4 58. Bc6 Ng6 59. Ba8 Ne5 60. Kh2 Bc8 61. Kh1 Ng4 62. Bc6 Ba6 63. Ba8 Bb5 64. Bb7 Bf1 65. Ba8 Ne5 66. Kh2 Ng4+ 67. Kh1 Kg3 68. Kg1 Ba6 69. Kh1 Be2 70. Kg1 Nf2 71. Bb7 Bb5 72. Ba8 Ba6 73. Bc6 Bc8 74. Ba8 Ba6 75. Bc6 Nh3+ 1/2-1/2

[Event "IIFL Wealth 4th Mumbai GM"]
[Site "Mumbai"]
[Date "2019.01.05"]
[Round "7"]
[White "Saksham Rautela"]
[Black "Prraneeth Vuppala"]
[Result "1/2-1/2"]
[ECO "B53"]
[WhiteElo "2123"]
[BlackElo "2228"]
[Annotator "NA"]
[PlyCount "70"]
[EventDate "2018.12.30"]
[EventType "swiss"]
[EventCountry "IND"]
[SourceTitle "playchess.com"]
[Source "ChessBase"]
[SourceQuality "1"]
[TimeControl "40/5400+30:1800+30"]

1. e4 c5 2. Nf3 d6 3. d4 cxd4 4. Qxd4 Nc6 5. Qe3 g6 6. Be2 Bg7 7. O-O Nf6 8. h3 O-O 9. Nc3 a6 10. Rd1 Qc7 11. Na4 Nb4 12. Ne1 b5 13. Nb6 Rb8 14. Nxc8 Rfxc8 15. c3 Nc6 16. a4 Na5 17. axb5 axb5 18. Nc2 Nc4 19. Bxc4 Qxc4 20. Ra7 e5 21. Rxd6 Bf8 22. Rda6 Bc5 23. Qf3 Bxa7 24. Qxf6 Bc5 25. Bh6 Bf8 26. Ne3 Qxe4 27. Ng4 Ra8 28. Bxf8 Kxf8 29. Qd6+ Kg7 30. Qf6+ Kf8 31. Qd6+ Kg7 32. Qf6+ Kf8 33. Nxe5 Qd5 34. Rd6 Qe4 35. Ra6 Qb7 1/2-1/2

[Event "IIFL Wealth 4th Mumbai GM"]
[Site "Mumbai"]
[Date "2019.01.05"]
[Round "7"]
[White "Tarun Kanyamarala"]
[Black "Kurbonboeva, Sarvinoz"]
[Result "0-1"]
[ECO "E84"]
[WhiteElo "2120"]
[BlackElo "2214"]
[Annotator "NA"]
[PlyCount "120"]
[EventDate "2018.12.30"]
[EventType "swiss"]
[EventCountry "IND"]
[SourceTitle "playchess.com"]
[Source "ChessBase"]
[SourceQuality "1"]
[TimeControl "40/5400+30:1800+30"]

1. d4 Nf6 2. c4 g6 3. f3 Bg7 4. e4 d6 5. Nc3 O-O 6. Be3 Nc6 7. Nge2 a6 8. Qd2 Rb8 9. Nc1 e5 10. d5 Ne7 11. Bd3 c6 12. N1e2 cxd5 13. cxd5 b5 14. Bh6 Nd7 15. g4 b4 16. Na4 Nb6 17. Nxb6 Qxb6 18. h4 Bxh6 19. Qxh6 f6 20. Kd2 Bd7 21. Qe3 Qb7 22. Rag1 Rbc8 23. f4 Bb5 24. Rc1 Rxc1 25. Rxc1 Bxd3 26. Qxd3 Rc8 27. Rc4 Kf7 28. g5 Qb6 29. gxf6 Rxc4 30. Qxc4 Kxf6 31. Qd3 exf4 32. Qh3 Kg7 33. Nxf4 Qd4+ 34. Qd3 Qxb2+ 35. Kd1 Qa1+ 36. Ke2 Qxa2+ 37. Ke3 Qa3 38. Kd4 Qxd3+ 39. Nxd3 a5 40. Kc4 Ng8 41. e5 dxe5 42. Nxe5 Nf6 43. d6 Kf8 44. Nc6 Ke8 45. Nxa5 Kd7 46. Kc5 Ne4+ 47. Kxb4 Kxd6 48. Nb7+ Ke5 49. Nd8 Kf5 50. Kc4 Nd2+ 51. Kd5 Kg4 52. Ne6 Kxh4 53. Ke5 g5 54. Kf5 g4 55. Kf4 g3 56. Ke3 Kg4 57. Nd4 Nc4+ 58. Ke2 Ne5 59. Kf1 Nf3 60. Ne2 Kh3 0-1

[Event "IIFL Wealth 4th Mumbai GM"]
[Site "Mumbai"]
[Date "2019.01.05"]
[Round "7"]
[White "Prajesh R"]
[Black "Safranska, Anda"]
[Result "1/2-1/2"]
[ECO "B07"]
[WhiteElo "2102"]
[BlackElo "2189"]
[Annotator "NA"]
[PlyCount "109"]
[EventDate "2018.12.30"]
[EventType "swiss"]
[EventCountry "IND"]
[SourceTitle "playchess.com"]
[Source "ChessBase"]
[SourceQuality "1"]
[TimeControl "40/5400+30:1800+30"]

1. d4 d6 2. e4 Nf6 3. Nc3 g6 4. Bg5 Bg7 5. Qd2 h6 6. Bf4 a6 7. a4 Nc6 8. d5 Nb8 9. Nf3 Nbd7 10. Nd4 Nc5 11. f3 e5 12. dxe6 Nxe6 13. Nxe6 Bxe6 14. Be2 Nd7 15. a5 Ne5 16. Nd5 Bxd5 17. Qxd5 Rb8 18. O-O O-O 19. Rfd1 g5 20. Be3 Ng6 21. Qb3 Be5 22. g3 Qc8 23. Ra4 c5 24. Kg2 Qc6 25. Qa3 Bxb2 26. Qa2 Be5 27. Bc4 Kg7 28. Bd5 Qd7 29. Ra3 Qe7 30. Rb1 Rfc8 31. Rab3 Rc7 32. Rb6 Qf6 33. Rxb7 Rbxb7 34. Rxb7 Rxb7 35. Bxb7 Bd4 36. Bd2 Ne5 37. Qa3 c4 38. f4 gxf4 39. Bxf4 Qg6 40. c3 Qg4 41. Bxe5+ Bxe5 42. Qa2 h5 43. Qxc4 h4 44. Qd3 hxg3 45. hxg3 Qd7 46. Qxa6 Bxc3 47. Qb6 Bxa5 48. Qd4+ Kg8 49. Bd5 Qc7 50. Qf6 Qc2+ 51. Kh3 Qc8+ 52. g4 Qc3+ 53. Qxc3 Bxc3 54. g5 Kg7 55. Kg4 1/2-1/2

[Event "IIFL Wealth 4th Mumbai GM"]
[Site "Mumbai"]
[Date "2019.01.05"]
[Round "7"]
[White "Thipsay, Bagyashree Sathe"]
[Black "Sammed Jaykumar, Shete"]
[Result "0-1"]
[ECO "B58"]
[WhiteElo "2028"]
[BlackElo "2378"]
[Annotator "NA"]
[PlyCount "64"]
[EventDate "2018.12.30"]
[EventType "swiss"]
[EventCountry "IND"]
[SourceTitle "playchess.com"]
[Source "ChessBase"]
[SourceQuality "1"]
[TimeControl "40/5400+30:1800+30"]

1. e4 c5 2. Nf3 Nc6 3. Nc3 d6 4. d4 cxd4 5. Nxd4 Nf6 6. Be2 e5 7. Nf3 h6 8. O-O Be7 9. Re1 O-O 10. Bf1 Be6 11. Nd5 Bxd5 12. exd5 Nb8 13. c4 Nbd7 14. b3 Nh7 15. Bb2 f5 16. b4 b6 17. Rc1 Ng5 18. Nd2 a5 19. a3 Bf6 20. Nb3 a4 21. Nd2 e4 22. Qc2 Ne5 23. Bxe5 Bxe5 24. c5 bxc5 25. bxc5 dxc5 26. Qxc5 Bf4 27. Rcd1 Bxd2 28. Re2 Rc8 29. Qd4 Bc3 30. Qxa4 Be5 31. d6 Kh7 32. Red2 Nf3+ {Ra1} 0-1

[Event "IIFL Wealth 4th Mumbai GM"]
[Site "Mumbai"]
[Date "2019.01.05"]
[Round "7"]
[White "Thapa, Krishna"]
[Black "Mrudul Dehankar"]
[Result "0-1"]
[ECO "E21"]
[WhiteElo "2024"]
[BlackElo "2199"]
[Annotator "NA"]
[PlyCount "104"]
[EventDate "2018.12.30"]
[EventType "swiss"]
[EventCountry "IND"]
[SourceTitle "playchess.com"]
[Source "ChessBase"]
[SourceQuality "1"]
[TimeControl "40/5400+30:1800+30"]

1. d4 Nf6 2. Nf3 e6 3. c4 Bb4+ 4. Nc3 b6 5. g3 Bb7 6. Bg2 O-O 7. O-O Bxc3 8. bxc3 d6 9. Bf4 Nbd7 10. Qd2 Qc8 11. a4 a5 12. Rfe1 Re8 13. Qc2 e5 14. Bg5 Be4 15. Qb3 h6 16. Bc1 Nf8 17. Ba3 Ng6 18. dxe5 dxe5 19. c5 Rb8 20. cxb6 Rxb6 21. Qa2 Qb7 22. Red1 Qc6 23. Qd2 Rb3 24. c4 Ra8 25. Qa2 Rbb8 26. Bb2 Re8 27. Rac1 Nd7 28. c5 Nf6 29. Ne1 Bxg2 30. Nxg2 Rab8 31. Ba1 Rb4 32. Rc4 Qe6 33. Ne3 Ng4 34. Nd5 Rd8 35. Rxb4 axb4 36. c6 Kh8 37. Qc4 Ne7 38. e4 f5 39. Qxb4 fxe4 40. Nc3 Rxd1+ 41. Nxd1 Qd5 42. Nc3 Qd2 43. Qb2 Qe1+ 44. Kg2 e3 45. fxe3 Nxe3+ 46. Kf3 N7f5 47. Qb8+ Kh7 48. Qb1 Qd2 49. Ne2 Qd5+ 50. Qe4 Qd1 51. Qxe5 Qh1+ 52. Kf4 g5# 0-1

[Event "IIFL Wealth 4th Mumbai GM"]
[Site "Mumbai"]
[Date "2019.01.05"]
[Round "7"]
[White "Trisha Kanyamarala"]
[Black "Varga, Klara"]
[Result "1-0"]
[ECO "D56"]
[WhiteElo "1942"]
[BlackElo "2242"]
[Annotator "NA"]
[PlyCount "67"]
[EventDate "2018.12.30"]
[EventType "swiss"]
[EventCountry "IND"]
[SourceTitle "playchess.com"]
[Source "ChessBase"]
[SourceQuality "1"]
[TimeControl "40/5400+30:1800+30"]

1. d4 e6 2. c4 Nf6 3. Nf3 d5 4. Nc3 Be7 5. Bg5 h6 6. Bh4 O-O 7. e3 Ne4 8. Bxe7 Qxe7 9. Rc1 Nxc3 10. Rxc3 dxc4 11. Bxc4 b6 12. Be2 Bb7 13. O-O Qd6 14. Qc2 Nd7 15. Rd1 Rac8 16. Ne1 Nf6 17. Rc1 Nd5 18. Rc4 e5 19. e4 Nf4 20. Bg4 exd4 21. Bxc8 Bxc8 22. Rc6 Qd8 23. Qd2 Qg5 24. Rd1 Bb7 25. Rxc7 Bxe4 26. f3 Bd5 27. g3 Nh3+ 28. Kg2 Qf5 29. Qxd4 Rd8 30. Qd3 Qg5 31. Rc4 Qe5 32. Rd4 Ng5 33. h4 Nh3 34. Rxd5 1-0

[Event "IIFL Wealth 4th Mumbai GM"]
[Site "Mumbai"]
[Date "2019.01.05"]
[Round "7"]
[White "Triton, Maxime"]
[Black "Laoussing, Mathis"]
[Result "1-0"]
[ECO "B01"]
[WhiteElo "1937"]
[BlackElo "1438"]
[Annotator "NA"]
[PlyCount "91"]
[EventDate "2018.12.30"]
[EventType "swiss"]
[EventCountry "IND"]
[SourceTitle "playchess.com"]
[Source "ChessBase"]
[SourceQuality "1"]
[TimeControl "40/5400+30:1800+30"]

1. e4 d5 2. exd5 Nf6 3. Be2 Nxd5 4. d4 Bf5 5. Nf3 e6 6. O-O Be7 7. a3 O-O 8. c4 Nf6 9. Nc3 c5 10. dxc5 Bxc5 11. b4 Be7 12. Qb3 Nc6 13. Rd1 Qc7 14. Nb5 Qb8 15. h3 a6 16. Nc3 Rd8 17. Be3 Qc7 18. c5 Ne4 19. Nxe4 Bxe4 20. Nd2 Bd5 21. Bc4 Bf6 22. Rab1 Ne5 23. Bxd5 Rxd5 24. Ne4 Rad8 25. Rxd5 Rxd5 26. Nxf6+ gxf6 27. Bf4 Qd7 28. Qg3+ Ng6 29. Bd6 Rg5 30. Qh2 Qc6 31. f4 Qe4 32. Rf1 Rd5 33. Qg3 f5 34. Re1 Rd3 35. Qf2 Qd4 36. Qxd4 Rxd4 37. Re3 Nxf4 38. Bxf4 Rxf4 39. Rd3 e5 40. Rd7 e4 41. Rxb7 Kf8 42. c6 Ke8 43. Rb8+ Ke7 44. c7 e3 45. c8=Q e2 46. Qe8+ {[%emt 0:00:12] Kxe8 Rb7 Kf8} 1-0

[Event "IIFL Wealth 4th Mumbai GM"]
[Site "Mumbai"]
[Date "2019.01.05"]
[Round "7"]
[White "Nepal, Prakash"]
[Black "Surendran N"]
[Result "0-1"]
[ECO "E46"]
[WhiteElo "1902"]
[BlackElo "2176"]
[Annotator "NA"]
[PlyCount "38"]
[EventDate "2018.12.30"]
[EventType "swiss"]
[EventCountry "IND"]
[SourceTitle "playchess.com"]
[Source "ChessBase"]
[SourceQuality "1"]
[TimeControl "40/5400+30:1800+30"]

1. d4 Nf6 2. c4 e6 3. Nc3 Bb4 4. e3 O-O 5. Nge2 d5 6. a3 Be7 7. cxd5 exd5 8. Nf4 Na6 9. b4 c6 10. Bd3 Nc7 11. O-O Ne6 12. Nfe2 Bd6 13. Ng3 Re8 14. Nh5 Ng5 15. Nxf6+ Qxf6 16. Qc2 Nf3+ 17. gxf3 Qg5+ 18. Kh1 Qh5 19. Bxh7+ Kf8 0-1